[Event "Team 45 45 League T24"]
[Site "Internet Chess Club"]
[Date "2004.09.17"]
[Round "2"]
[White "Colonel-Klutz"]
[Black "EyeAm"]
[Result "0-1"]
[WhiteElo "1317"]
[BlackElo "1279"]
[TimeControl "2700+45"]

1. e4 e5 2. f4 exf4 3. Nf3 d6 4. d4 Be7 5. Bxf4 Bg4 6. Nc3 Nc6 7. h3 Bxf3 8.
Qxf3 Nxd4 9. Qd3 Ne6 10. Bh2 Nc5 11. Qf3 Nf6 12. Bc4 O-O 13. O-O-O Nfd7 14. Rhf1
Bg5+ 15. Kb1 Bf6 16. Nd5 Ne5 17. Nxf6+ Qxf6 18. Qxf6 gxf6 19. Be2 Nxe4 20. Bxe5
fxe5 21. Bd3 Nc5 22. Bc4 Rad8 23. g4 c6 24. b4 Ne4 25. h4 Nc3+ 26. Kb2 Nxd1+ 27.
Rxd1 d5 28. Be2 e4 29. h5 h6 30. Rg1 f6 31. b5 d4 32. bxc6 bxc6 33. Bc4+ Kh7 34.
Ba6 Rb8+ 35. Kc1 Rb6 36. Bc4 Rfb8 37. Kd2 e3+ 38. Kd3 c5 39. Bf7 R8b7 40. Bg6+
Kg7 41. Be4 Re7 42. Bf3 Rbe6 43. Be2 Rb6 44. a4 a5 45. Kc4 Rb4+ 46. Kxc5 Rc7+
47. Kd5 Rxa4 48. Bd3 Rb4 49. Rf1 a4 50. Kd6 Ra7 51. Ke6 Rb6+ 52. Kd5 a3 53. Ra1
a2 54. c4 dxc3 55. Kd4 Re6 56. Kxc3 e2 57. g5 e1=Q+ 58. Rxe1 Rxe1 59. gxf6+ Kxf6
{White resigns} 0-1

[Event "Team 45 45 League T24"]
[Site "Internet Chess Club"]
[Date "2004.09.16"]
[Round "2"]
[White "claymil"]
[Black "maq"]
[Result "0-1"]
[WhiteElo "1678"]
[BlackElo "1761"]
[TimeControl "2700+45"]

1. c4 Nf6 2. Nc3 g6 3. g3 Bg7 4. Bg2 O-O 5. e3 d6 6. Nge2 Nbd7 7. d4 e5 8. O-O
Re8 9. b4 exd4 10. exd4 Nb6 11. c5 dxc5 12. dxc5 Nbd5 13. Rb1 Bg4 14. Nxd5 Bxe2
15. Nxf6+ Bxf6 16. Qxd8 Raxd8 17. Re1 Bd3 18. Bb2 Bxb1 19. Rxb1 Bxb2 20. Rxb2
Rd1+ 21. Bf1 Ree1 22. Kg2 Rxf1 23. a4 Rb1 24. Rd2 Rg1+ 25. Kf3 Rxb4 {White
resigns} 0-1

[Event "Team 45 45 League T24"]
[Site "Internet Chess Club"]
[Date "2004.09.20"]
[Round "2"]
[White "jericho121"]
[Black "PatrookMcKnight"]
[Result "1/2-1/2"]
[WhiteElo "1571"]
[BlackElo "1615"]
[TimeControl "2700+45"]

1. e4 e5 2. Nf3 Nc6 3. Bb5 Nf6 4. O-O Nxe4 5. Re1 Nd6 6. Nxe5 Nxe5 7. Rxe5+ Be7
8. Ba4 O-O 9. d4 Bf6 10. Re1 Re8 11. c3 Rxe1+ 12. Qxe1 Qe7 13. Qxe7 Bxe7 14. Bb3
b5 15. Bf4 Bb7 16. Na3 a6 17. Re1 Re8 18. Bxd6 cxd6 19. Nc2 Kf8 20. Nb4 Bf6 21.
Rxe8+ Kxe8 22. Bd5 Bxd5 23. Nxd5 Bd8 24. f4 f6 25. f5 Kf7 26. Kf2 g6 27. g4 gxf5
28. gxf5 Kg7 29. Kg3 Kh6 30. Kg4 Kg7 {Game drawn by mutual agreement} 1/2-1/2

[Event "Team 45 45 League T24"]
[Site "Internet Chess Club"]
[Date "2004.09.22"]
[Round "2"]
[White "liger"]
[Black "Lothar"]
[Result "0-1"]
[WhiteElo "1200"]
[BlackElo "1528"]
[TimeControl "2700+45"]

1. e4 e6 2. Nf3 d5 3. exd5 exd5 4. d4 Nf6 5. Nc3 Bb4 6. Bd2 O-O 7. Be2 Bg4 8.
O-O Nc6 9. a3 Be7 10. Bf4 a6 11. Ne5 Bxe2 12. Qxe2 Nxd4 13. Qd3 c5 14. b4 Ne6
15. Nxd5 Nxd5 16. Be3 Nxe3 17. Qxe3 Qd4 18. Qxd4 Nxd4 19. bxc5 Bxc5 20. Nd7 Rfc8
21. a4 Ba7 22. Rab1 Rc7 23. Ne5 Re8 24. c3 Ne2+ 25. Kh1 Rxe5 26. Rbd1 h6 27.
Rd8+ Kh7 28. f4 Ng3+ 29. hxg3 Rh5# {White checkmated} 0-1

[Event "Team 45 45 League T24"]
[Site "Internet Chess Club"]
[Date "2004.09.20"]
[Round "2"]
[White "viking99"]
[Black "erebus"]
[Result "1/2-1/2"]
[WhiteElo "1812"]
[BlackElo "1939"]
[TimeControl "2700+45"]

1. e4 d6 2. d4 Nf6 3. Bd3 Nc6 4. c3 e5 5. d5 Ne7 6. Bg5 Ng6 7. Nd2 Be7 8. Ne2
Nxd5 9. exd5 Bxg5 10. Bxg6 hxg6 11. f4 exf4 12. Nxf4 Bxf4 13. Qa4+ Bd7 14. Qxf4
Qh4+ 15. Qxh4 Rxh4 16. O-O-O Kf8 17. g3 Rh5 18. Nc4 Re8 19. Rd4 Re2 20. h4 Rf5
21. Rhd1 Rff2 22. R4d2 Rxd2 23. Rxd2 Rf3 24. Na5 b6 25. Nc6 Bxc6 26. dxc6 Rxg3
27. Rd4 g5 28. Rxd6 Ke7 29. Rd7+ Ke6 30. hxg5 Rxg5 31. Rxc7 a5 32. Rb7 b5 33. c7
Kd7 34. c8=Q+ Kxc8 35. Rxf7 Rg1+ 36. Kc2 Rg2+ 37. Kb3 g5 38. Rg7 g4 39. a4 bxa4+
40. Kxa4 Rxb2 41. Rxg4 Kc7 42. Kxa5 Rh2 43. Rg6 Rh5+ 44. Kb4 Rf5 45. c4 Rf4 46.
Kb5 Rf7 47. c5 Rh7 48. Ra6 Rh1 49. Ra7+ Kb8 50. Re7 Rb1+ 51. Kc6 Rd1 52. Re8+
Ka7 53. Kc7 Rd2 54. Re3 Ka6 55. Rb3 Rh2 56. Rb6+ Ka7 57. Rd6 Rh8 58. Rd4 Ka6 59.
Rb4 Rh7+ 60. Kd6 Rh6+ 61. Kc7 Rh7+ {Game drawn by mutual agreement} 1/2-1/2

[Event "Team 45 45 League T24"]
[Site "Internet Chess Club"]
[Date "2004.09.21"]
[Round "2"]
[White "Agent911"]
[Black "forku2"]
[Result "1/2-1/2"]
[WhiteElo "1686"]
[BlackElo "1600"]
[TimeControl "2700+45"]

1. e4 e6 2. d4 d5 3. Nc3 dxe4 4. Nxe4 Bd7 5. Nf3 Bc6 6. Bd3 Nd7 7. O-O Ngf6 8.
Bg5 Bxe4 9. Bxe4 c6 10. Ne5 Qb6 11. Nxd7 Nxd7 12. b3 Be7 13. Bxe7 Kxe7 14. c4
Nf6 15. c5 Qc7 16. f3 Rad8 17. Rf2 Qf4 18. Qd2 Qxd2 19. Rxd2 e5 20. Rad1 exd4
21. Rxd4 Rd7 22. Rxd7+ Nxd7 23. Bf5 Nxc5 24. Re1+ Kf6 25. g4 g6 26. Bc2 Rd8 27.
Re2 Rd7 28. g5+ Kg7 29. b4 Ne6 30. h4 Rd4 31. Re4 Rd2 32. Bb3 Nd4 33. Re7 Nxb3
34. axb3 Rb2 35. Rxb7 Rxb3 36. Rxa7 Rxb4 37. Rc7 Rc4 38. Kg2 {Game drawn by
mutual agreement} 1/2-1/2

[Event "Team 45 45 League T24"]
[Site "Internet Chess Club"]
[Date "2004.09.20"]
[Round "2"]
[White "Mississippian"]
[Black "Ratbeard"]
[Result "1-0"]
[WhiteElo "1474"]
[BlackElo "1419"]
[TimeControl "2700+45"]

1. e4 e5 2. Nf3 Nf6 3. Nc3 Bb4 4. Bc4 O-O 5. O-O d6 6. d3 h6 7. Bd2 Bg4 8. a3
Bc5 9. b4 Bd4 10. Rb1 a6 11. Nd5 Nh7 12. c3 Ba7 13. h3 Bh5 14. Qe2 c6 15. Ne3
Ng5 16. g4 Nxf3+ 17. Qxf3 Bg6 18. Kh2 b5 19. Bb3 c5 20. Bd5 Nc6 21. Bxc6 Rc8 22.
Bb7 Rb8 23. Bd5 cxb4 24. axb4 Qc8 25. Qg3 Bb6 26. f4 a5 27. Bb3 exf4 28. Qxf4 a4
29. Nd5 Qe8 30. Qxd6 Ba7 31. Bxh6 gxh6 32. Nf6+ Kg7 33. Nxe8+ Rbxe8 34. Bd5 Bb8
35. Qxb8 Rxb8 36. Rf2 Rfd8 37. Rbf1 Rd7 38. h4 h5 39. Kg3 a3 40. c4 bxc4 41.
dxc4 Rxb4 42. Rf4 Ra7 43. c5 a2 44. Ra1 Ra3+ 45. Rf3 Rba4 46. Rxa3 Rxa3+ 47. Kf4
Rc3 48. c6 hxg4 49. Kxg4 f5+ 50. exf5 Bf7 51. Bxa2 Bxa2 52. Rxa2 Rxc6 53. Kg5
Rc1 54. Ra7+ Kf8 55. h5 Rc6 56. h6 Kg8 57. f6 Rc2 58. h7+ Kh8 59. f7 Rg2+ 60.
Kf6 Rf2+ 61. Ke7 Kxh7 62. f8=Q Rxf8 63. Kxf8+ Kg6 64. Ra5 Kh6 65. Rf5 Kg6 66.
Rf7 Kg5 67. Kg7 Kg4 68. Kg6 Kh4 69. Rf4+ Kg3 70. Kg5 Kg2 71. Kg4 Kg1 72. Kg3 Kh1
73. Rf1# {Black checkmated} 1-0

[Event "Team 45 45 League T24"]
[Site "Internet Chess Club"]
[Date "2004.09.20"]
[Round "2"]
[White "dawgfish"]
[Black "Schach-Prinz"]
[Result "1-0"]
[WhiteElo "1321"]
[BlackElo "1322"]
[TimeControl "2700+45"]

1. Nf3 d5 2. g3 Bf5 3. Bg2 Nf6 4. O-O Nc6 5. d3 e5 6. Nbd2 e4 7. dxe4 dxe4 8.
Nh4 Bg6 9. Nxg6 hxg6 10. Nxe4 Ng4 11. Qxd8+ Rxd8 12. h3 Nge5 13. Be3 Nd4 14.
Bxd4 Rxd4 15. Rad1 c5 16. e3 Rxd1 17. Rxd1 Nc4 18. b3 f5 19. bxc4 fxe4 20. Bxe4
Rxh3 21. Bxg6+ Ke7 22. Kg2 Rh6 23. Be4 b6 24. f4 Re6 25. Kf3 Rf6 26. a4 g5 27.
Rd5 gxf4 28. exf4 Kf7 29. Rd7+ Be7 30. Rxa7 {Black resigns} 1-0

[Event "Team 45 45 League T24"]
[Site "Internet Chess Club"]
[Date "2004.09.21"]
[Round "2"]
[White "shadow-master"]
[Black "ChessAddict"]
[Result "1/2-1/2"]
[WhiteElo "2174"]
[BlackElo "2050"]
[TimeControl "2700+45"]

1. c4 e5 2. g3 g6 3. Bg2 Bg7 4. Nc3 Nc6 5. d3 d6 6. Rb1 a5 7. e3 f5 8. Nge2 Nf6
9. O-O O-O 10. a3 Nh5 11. Nd5 Be6 12. Nec3 Qd7 13. Bd2 Rae8 14. b4 axb4 15. axb4
f4 16. b5 Nd8 17. b6 c6 18. Nc7 Re7 19. Nxe6 Qxe6 20. exf4 exf4 21. Nd5 Ref7 22.
Nxf4 Nxf4 23. Bxf4 Rxf4 24. gxf4 Rxf4 25. Qd2 Be5 26. Rbe1 Qg4 27. Re4 Rxe4 28.
dxe4 Ne6 29. h3 Qh4 30. Qa2 Nc5 31. Qa8+ Kg7 32. Qc8 Qf4 33. Rd1 Kh6 34. Qg4
Qxg4 35. hxg4 Kg5 36. f3 {Game drawn by mutual agreement} 1/2-1/2

[Event "Team 45 45 League T24"]
[Site "Internet Chess Club"]
[Date "2004.09.19"]
[Round "2"]
[White "locchessmonster"]
[Black "nightly"]
[Result "1/2-1/2"]
[WhiteElo "1920"]
[BlackElo "2011"]
[TimeControl "2700+45"]

1. d4 d5 2. c4 e6 3. Nc3 c6 4. cxd5 exd5 5. Bf4 Bd6 6. Bxd6 Qxd6 7. Nf3 Nf6 8.
e3 O-O 9. h3 Re8 10. Bd3 Ne4 11. Qc2 Nxc3 12. bxc3 h6 13. O-O Nd7 14. e4 dxe4
15. Bxe4 Nf6 16. Bd3 b6 17. Nd2 c5 18. Ne4 Nxe4 19. Bxe4 Rb8 20. Rfe1 cxd4 21.
Bh7+ Kf8 22. Rxe8+ Kxe8 23. Qe4+ Kf8 24. Rd1 Bb7 25. Qg4 g6 26. Rxd4 Qc6 27. Rc4
Qd6 28. Rd4 Qc6 29. Rc4 Qd6 {Game drawn by mutual agreement} 1/2-1/2

[Event "Team 45 45 League T24"]
[Site "Internet Chess Club"]
[Date "2004.09.20"]
[Round "2"]
[White "chessergato"]
[Black "chickenhead"]
[Result "0-1"]
[WhiteElo "1429"]
[BlackElo "1909"]
[TimeControl "2700+45"]

1. e4 e6 2. d4 d5 3. e5 c5 4. c3 Bd7 5. Nf3 Nc6 6. Be2 Qb6 7. O-O Rc8 8. Na3
cxd4 9. cxd4 Nge7 10. Qb3 Qxb3 11. axb3 Nf5 12. Nc2 a6 13. Bd2 Nxe5 14. Ne3
Nxf3+ 15. Bxf3 Nxd4 16. Bc3 Nxb3 17. Rad1 Bc6 18. Be5 f6 19. Bh5+ Kd7 20. Nc4
fxe5 21. Nb6+ Kc7 22. Nxc8 Kxc8 23. Bf7 Kd7 24. Bh5 Bb4 25. Bf3 Nd4 26. Bg4 Bb5
27. Rxd4 exd4 28. Rd1 d3 29. h4 {White resigns} 0-1

[Event "Team 45 45 League T24"]
[Site "Internet Chess Club"]
[Date "2004.09.18"]
[Round "2"]
[White "TheTankDriver"]
[Black "A-Ru"]
[Result "1-0"]
[WhiteElo "2239"]
[BlackElo "1984"]
[TimeControl "2700+45"]

1. d4 e6 2. c4 d5 3. Nf3 c6 4. e3 Bd6 5. Bd3 f5 6. O-O Nh6 7. b3 Nd7 8. Ba3 Bxa3
9. Nxa3 Qe7 10. Nc2 O-O 11. Ne5 Nxe5 12. dxe5 Bd7 13. f4 dxc4 14. Bxc4 c5 15.
Qe2 Bc6 16. Rad1 Rad8 17. Bb5 Bd5 18. Bd3 b6 19. Na3 Nf7 20. e4 fxe4 21. Bxe4
Bxe4 22. Qxe4 Rxd1 23. Rxd1 Rd8 24. Rxd8+ Qxd8 25. h3 Qd1+ 26. Kh2 Qd5 27. Qa4
h6 28. Qe8+ {Black resigns} 1-0

[Event "Team 45 45 League T24"]
[Site "Internet Chess Club"]
[Date "2004.09.18"]
[Round "2"]
[White "mickeys"]
[Black "Gregorio"]
[Result "0-1"]
[WhiteElo "1887"]
[BlackElo "2049"]
[TimeControl "2700+45"]

1. c4 Nf6 2. Nf3 g6 3. g3 Bg7 4. Bg2 O-O 5. O-O c6 6. Nc3 d5 7. cxd5 cxd5 8. d4
Nc6 9. Be3 a6 10. Rc1 e6 11. Qd2 Nd7 12. Bh6 Na5 13. b3 b5 14. Bxg7 Kxg7 15. e4
Bb7 16. exd5 exd5 17. Ng5 h6 18. Nh3 Nf6 19. Nf4 Re8 20. Rfe1 Rxe1+ 21. Rxe1 b4
22. Na4 Nc6 23. Nc5 Bc8 24. Re6 Ne7 25. Qxb4 g5 26. Rxe7 gxf4 27. Re2 fxg3 28.
hxg3 Bg4 29. f3 Bf5 30. Re5 Bg6 31. Qe1 Qd6 32. Bh3 Ra7 33. Qe3 Rc7 34. g4 Nd7
35. Nxd7 Qxd7 36. a4 a5 37. Qd2 Qc6 38. Bf1 Qf6 39. Bg2 Rc2 40. Qe1 Qf4 41. Qe3
Qg3 {White resigns} 0-1

[Event "Team 45 45 League T24"]
[Site "Internet Chess Club"]
[Date "2004.09.16"]
[Round "2"]
[White "PublisherKing"]
[Black "jongalt97"]
[Result "1/2-1/2"]
[WhiteElo "1942"]
[BlackElo "1774"]
[TimeControl "2700+45"]

1. Nf3 Nf6 2. c4 e6 3. Nc3 d5 4. d4 Be7 5. Bf4 c6 6. e3 h6 7. Bd3 Nbd7 8. O-O
Nh5 9. Be5 Nxe5 10. Nxe5 Nf6 11. Rc1 Qd6 12. cxd5 exd5 13. Qc2 O-O 14. Rfd1 Ng4
15. Nf3 Be6 16. h3 Nf6 17. Na4 Nd7 18. Nc5 Nxc5 19. dxc5 Qc7 20. Bf5 Bxf5 21.
Qxf5 Bf6 22. Nd4 Rad8 23. b4 Qe5 24. Qd3 Qe4 25. Qxe4 dxe4 26. Rc4 Rd5 27. f3
exf3 28. gxf3 Rfd8 29. Kf2 Bxd4 30. Rcxd4 Rxd4 31. exd4 Rd5 32. a4 a6 33. Ke3
Kf8 34. b5 axb5 35. axb5 Ke7 36. Ra1 Kd7 37. bxc6+ Kxc6 38. Ra8 Rh5 39. Rc8+ Kd7
40. Rf8 g5 41. Rxf7+ Kc6 42. Rf6+ Kc7 43. d5 Rxh3 44. Rf7+ Kc8 45. d6 g4 46. Ke4
Rxf3 47. Rh7 Rc3 48. Kd4 Rc1 49. Rc7+ Kb8 50. Rg7 Rd1+ 51. Ke3 Kc8 52. Rxg4 Rd5
53. Rg8+ Kd7 54. Rg7+ Kd8 55. Rxb7 Rxc5 56. Kd4 Rc1 57. Rh7 Rd1+ 58. Ke5 Re1+
59. Kf5 Rf1+ {Game drawn by mutual agreement} 1/2-1/2

[Event "Team 45 45 League T24"]
[Site "Internet Chess Club"]
[Date "2004.09.17"]
[Round "2"]
[White "jmoffitt"]
[Black "Parsnip"]
[Result "0-1"]
[WhiteElo "1679"]
[BlackElo "1713"]
[TimeControl "2700+45"]

1. e4 e6 2. d4 d5 3. Nc3 Nf6 4. Bg5 dxe4 5. Nxe4 Be7 6. Bxf6 Bxf6 7. Nf3 Nd7 8.
Bb5 c6 9. Ba4 O-O 10. O-O b5 11. Bb3 Be7 12. a4 Bb7 13. Re1 a5 14. axb5 cxb5 15.
Qd3 Qb6 16. Rad1 Nf6 17. Nc3 b4 18. Na4 Qc7 19. Ne5 Rfd8 20. Qh3 Bd5 21. Bxd5
Rxd5 22. c4 bxc3 23. bxc3 Rb5 24. c4 Rb4 25. Nc3 Qb8 26. Nc6 Qb7 27. Nxb4 Bxb4
28. Rb1 Qd7 29. Red1 Qc7 30. Qf3 Rc8 31. c5 Bxc3 32. Qxc3 Nd5 33. Qb2 g6 34. Rd3
Nb4 35. Rb3 Qd8 36. Qc3 Nc6 37. Rd1 Nb4 38. Rxb4 axb4 39. Qxb4 Qd5 40. Qe1 Rd8
41. Qe2 e5 42. c6 exd4 43. c7 Rc8 44. Qe7 Kg7 45. h3 d3 46. Kf1 d2 47. f3 Qc4+
48. Kf2 Rxc7 49. Qe5+ f6 50. Qe3 Qh4+ 51. Ke2 Qc4+ 52. Kxd2 Kf7 53. Qe4 Qc3+ 54.
Ke2 Re7 55. Rd7 Qc2+ 56. Ke3 Qxe4+ 57. fxe4 Rxd7 58. h4 Ke6 59. g4 Ke5 60. h5
gxh5 61. gxh5 Rd4 {White resigns} 0-1